 Dungeon Crawl Stone Soup version 0.26-a0-771-g060e6a62af (webtiles) character file.

Game seed: 15464592694231067764

66 miscthings the Chopper (level 3, -5/33 HPs)
             Began as a Palentonga Delver on Nov 8, 2020.
             Slain by Sigmund
             ... wielding a +0 scythe
              (8 damage)
             ... on level 2 of the Dungeon.
             The game lasted 00:02:30 (2065 turns).

miscthings the Chopper (Palentonga Delver)          Turns: 2065, Time: 00:02:31

Health: -5/33      AC:  4    Str: 16    XL:     3   Next: 96%
Magic:  11/12      EV:  9    Int: 10    God:
Gold:   68         SH:  0    Dex: 11    Spells: 2/2 levels left

rFire    . . .     SeeInvis +   a - +0 hand axe
rCold    . . .     Faith    .   (no shield)
rNeg     + . .     Spirit   .   b - +0 leather armour
rPois    .         Reflect  .   (no helmet)
rElec    .         Harm     .   u - scarf {+Inv}
rCorr    .         Rampage  .   (no gloves)
MR       .....                  (no barding)
Stlth    ++........             (no amulet)
HPRegen  0.11/turn              m - ring of magical power
MPRegen  0.13/turn              r - ring of positive energy

@: very slightly contaminated, invisible (expiring)
A: large, rugged brown scales 3, see invisible, deformed body, roll, armoured
tail
a: Rolling Charge


You were on level 2 of the Dungeon.
You visited 1 branch of the dungeon, and saw 5 of its levels.

You collected 68 gold pieces.

Inventory:

Hand Weapons
 a - a +0 hand axe (weapon)
Armour
 b - a +0 leather armour (worn)
 u - a scarf of invisibility (worn)
Jewellery
 m - a ring of magical power (left hand)
 r - a ring of positive energy (right hand)
Wands
 g - a wand of digging (3)
Scrolls
 c - a scroll of fog
 d - a scroll of magic mapping
 e - a scroll of fear
 h - 2 scrolls of teleportation {unknown}
 i - a scroll of identify {unknown}
 j - a scroll of blinking {unknown}
 n - 2 scrolls of enchant weapon {unknown}
 p - a scroll of remove curse {unknown}
 s - a scroll of immolation {unknown}
Potions
 f - a potion of haste
 k - 2 potions of might {unknown}
 l - a potion of lignification {unknown}
 o - 2 potions of flight {unknown}
 q - a potion of brilliance {unknown}
 t - a potion of resistance {unknown}
 v - a potion of degeneration {unknown}
 w - a potion of mutation {unknown}


   Skills:
 - Level 3.0 Fighting
 + Level 4.1 Axes
 - Level 1.5 Dodging
 - Level 3.3 Stealth
 * Level 0.8 Evocations


You had 2 spell levels left.
You didn't know any spells.
Your spell library was empty.

Dungeon Overview and Level Annotations

Branches:
Dungeon (5/15)
 Temple: D:4-7

Altars:

Shops:
D:4 *

Annotations:
D:2 Sigmund


Innate Abilities, Weirdness & Mutations

You are completely covered in rugged brown scales. (AC +3, +7% HP)
You have supernaturally acute eyesight. (SInv)
Armour fits poorly on your strangely shaped body.
You can roll at foes to attack.
You have a long armoured tail.


Message History

Sigmund closely misses you.
You hit Sigmund. You tail-slap Sigmund.
Sigmund is almost dead.
Sigmund completely misses you.
You barely miss Sigmund.
Your tail-slap misses Sigmund.
Sigmund is almost dead.
You hit Sigmund but do no damage.
Sigmund is almost dead.
You flicker for a moment.
Sigmund points at you and mumbles some strange words.
The magic dart hits you!
* * * LOW HITPOINT WARNING * * *
You completely miss Sigmund.
Sigmund is almost dead.
Sigmund points at you and mumbles some strange words.
You resist with significant effort.
You barely miss Sigmund.
Sigmund is almost dead.
Sigmund hits you with a +0 scythe!
You die...

# #. .#.# ##....##
...#...######
.###.##.......####
............#....###
.........##.####@@.#
.........(....####.#
#...............##.###
#.......####........#
#.......# #......###
##.......# ####@#..g.#
รท.......<#
#.####....# #[.......#
#.. ##.. #........# #


You could see Sigmund (invisible).

Vanquished Creatures
  A worker ant (D:4)
  2 oozes
  2 worms (D:2)
  A leopard gecko (D:1)
  An orc (D:3)
  A giant cockroach (D:2)
  4 goblins
  5 hobgoblins
  4 kobolds
  2 bats (D:1)
  2 frilled lizards
  A rat (D:2)
26 creatures vanquished.

Notes
Turn   | Place    | Note
-------+----------+-------------------------------------------
     0 | D:5      | miscthings the Palentonga Delver began the quest for the
                  | Orb.
     0 | D:5      | Reached XP level 1. HP: 20/20 MP: 1/1
    54 | D:3      | Reached XP level 2. HP: 9/27 MP: 2/2
    58 | D:3      | Noticed a howler monkey
   283 | D:4      | Reached skill level 3 in Axes
   283 | D:4      | Reached XP level 3. HP: 10/33 MP: 3/3
   613 | D:4      | Found Mufah's General Store.
  1337 | D:1      | Reached skill level 4 in Axes
  2045 | D:2      | Noticed Sigmund
  2065 | D:2      | Slain by Sigmund

Illustrated notes

Levels and vault maps discovered:
D:1:      elethiomel_arrival_infinity_welcomes_careful_drivers,
          layout_loops_corners, minmay_misc_feat_four_crosses
D:2:      layout_rooms, uniq_sigmund
D:3:      layout_rooms
D:4:      minmay_polygon_palace, layout_basic, serial_shops, shop,
          nicolae_ru_the_path_less_chosen, uniq_duvessa
D:5:      layout_basic, serial_shops, nicolae_shop_behind_doors,
          kennysheep_generic_room_12

Skill      XL: |  1  2  3 |
---------------+----------+-----
Axes           | 3 4 |  4.1
Fighting       | |  3.0
Dodging        | |  1.5
Stealth        | |  3.3
Evocations     | |  0.8

Action                   || total
-------------------------++-------
Melee: Hand axe          ||    96
       Tailslap          ||    16
 Abil: Rolling Charge    ||     5
       Evoke Invisibilit ||     3
 Stab: Invisible         ||     8
       Sleeping          ||     1
Armor: Leather armour    ||    27
Dodge: Dodged            ||    31

Table legend: (Time is in decaauts)
 A = Elapsed time spent in this place.
 B = Non-inter-level travel time spent in this place.
 C = Inter-level travel time spent in this place.
 D = Time resting spent in this place.
 E = Time spent auto-exploring this place.
 F = Levels seen in this place.
 G = Mean time per level.
                   A        B        C        D        E       F      G
               +--------+--------+--------+--------+--------+-----+--------+
         Total |   2076 |   2027 |     49 |    943 |    796 |   5 |  415.2 |
       Dungeon |   2076 |   2027 |     49 |    943 |    796 |   5 |  415.2 |
               +--------+--------+--------+--------+--------+-----+--------+

Top non-repeatable levels by time:
     D:1: 1004 daAuts
     D:4: 567 daAuts
     D:2: 437 daAuts
     D:5: 43 daAuts
     D:3: 22 daAuts
